Description

Rax-gas-Rax (can proxy first rax or the second one) - Rax at home is harder for them to realise whats up - rax on their side puts pressure on faster and harder Reaper first to pressure and deny scouting Optional wall off with 2nd depot to block scout (only after both rax are down) Bring an extra scv and build bunkers as you hit them

VOD

https://youtu.be/-YRV1j5CgVU

Replay - Proxy Marauder Rush

Build Order

Get SALT Encoding   

  12  0:01  SCV  
  13  0:13  SCV  
  14  0:18  Supply Depot  
  14  0:25  SCV  
  15  0:39  SCV  
  15  0:42  Barracks  
  16  0:46  Refinery  
  16  0:52  SCV  
  17  1:01  Barracks  
  17  1:05  SCV  
  18  1:17  SCV  
  19  1:29  Reaper  
  19  1:31  Orbital Command  
  20  1:45  Supply Depot  
  20  1:56  Barracks Tech Lab  
  20  1:57  SCV  
  21  2:06  Barracks Tech Lab  
  21  2:09  SCV  
  22  2:24  SCV  
  23  2:34  Concussive Shells  
  23  2:35  Marauder x2  
  28  2:52  Supply Depot  
  28  2:56  Marauder  
  31  3:14  Marauder x2  
  31  3:16  Supply Depot  
  31  3:19  Command Center  
  34  3:30  Refinery  
  34  3:36  Bunker  
  34  3:38  Supply Depot  
  34  3:44  Marauder x2  
  38  3:59  Factory  
  38  4:05  Marauder  
  40  4:16  Bunker  
  40  4:35  Marauder  
  40  4:36  Stimpack  
  40  4:37  Orbital Command  
  43  4:49  Refinery  
  41  4:53  Starport  
  41  4:54  Factory Tech Lab  
  42  5:00  Marine  
  44  5:07  Marine  
  46  5:14  Combat Shield  
  46  5:18  Marine  
  48  5:26  Marauder  
  48  5:27  Engineering Bay, Barracks  
  51  5:29  Factory Reactor  
  52  5:38  Marine  
  52  5:40  Refinery  
  54  5:43  Raven  
  54  5:49  Marine  
  57  5:56  Marine  
  60  6:07  Marine  
  62  6:14  Marine  
  63  6:24  Widow Mine, Marine  
  66  6:26  Raven  
  65  6:42  Marine  
  71  6:55  Factory Reactor  
  71  6:57  Barracks  
  70  7:09  Raven  
Spawning Tool Build Advisor. Get it on Overwolf

Go to:

Details

  • Created by: PiG      
  • Published on: Aug 12, 2019
  • Patch: 4.7.1
Show
View Real Time Build Order
Export as new Build Order

Comments (2)

On Feb. 8, 2021, 5:32 p.m., Maxgy  said:

This build doesn't really seem as strong anymore. With tosses opening proxy stargate or just safely reacting to scouting information you can almost never pull this off.

On March 26, 2020, 5:43 p.m., StarAprentice  said:

Dont even mind this build.
4/10

Create an account to comment!